 Dungeon Crawl Stone Soup version 0.31-a0-609-g7bf6ffcfed (webtiles) character file.

Game seed: 6560289764736044078

49 Aj7335 the Insei (level 3, -6/23 HPs)
             Began as an Octopode Shapeshifter on Aug 21, 2023.
             Mangled by a gnoll
             ... wielding a +0 halberd
              (10 damage)
             ... on level 2 of the Dungeon.
             The game lasted 00:02:33 (583 turns).

Aj7335 the Insei (Octopode Shapeshifter)             Turns: 583, Time: 00:02:33

Health: -6/23      AC:  1    Str: 20    XL:     3   Next: 77%
Magic:  3/3        EV: 13    Int: 10    God:
Gold:   19         SH:  0    Dex: 14    Spells: 2/2 levels left

rFire   + . .        n - +0 dagger
rCold   + . .        (no shield)
rNeg    . . .        (helmet currently unavailable)
rPois   +            (no amulet)
rElec   +            e - +6 ring of strength
rCorr   +            (no ring)
SInv    .            (no ring)
Will    .....        (no ring)
Stlth   +++          (no ring)
HPRegen 0.23/turn    (no ring)
MPRegen 0.08/turn    (no ring)
                     (no ring)

%: no passive effects
@: beast-form, resistant
A: beast (slay +2), almost no armour, amphibious, 8 rings, camouflage 1,
gelatinous body 1, (nimble swimmer 1), tentacles
a: Begin Untransformation


You were on level 2 of the Dungeon.
You were a hulking beast.
You visited 1 branch of the dungeon, and saw 2 of its levels.

You collected 19 gold pieces.

Inventory:

Hand Weapons
 n - a +0 dagger (weapon)
Jewellery
 e - a +6 ring of strength (left tentacle)
Talismans
 b - a beast talisman (active)
 c - a flux talisman
Scrolls
 d - a scroll of silence {unknown}
 f - 2 scrolls of enchant armour {unknown}
 g - a scroll of acquirement {unknown}
 h - 2 scrolls of teleportation {unknown}
 i - a scroll of identify {unknown}
 k - a scroll of immolation {unknown}
 l - a scroll of fog {unknown}
 m - a scroll of poison {unknown}
Potions
 a - a potion of lignification


   Skills:
 + Level 1.0 Fighting
 + Level 2.0 Dodging
 + Level 2.2 Stealth
 + Level 3.5 Unarmed Combat
 + Level 3.5 Shapeshifting


You had 2 spell levels left.
You didn't know any spells.
Your spell library was empty.

Dungeon Overview and Level Annotations

Branches:
Dungeon (2/15)

Altars:


Innate Abilities, Weirdness & Mutations

You are a hulking beast.
Your limbs bulge with bestial killing power. (Slay +2)
You cannot wear most types of armour.
You are amphibious.
You can wear up to eight rings at the same time.
Your skin changes colour to match your surroundings (Stealth+).
Your rubbery body absorbs attacks. (AC +1, EV +1)
((You are camouflaged when in or above water. (Stealth+)))
You have tentacles for arms and can constrict up to eight enemies at once.


Message History

Unknown command.
The gnoll hits you with a +0 spear. The gnoll closely misses you.
Things that are here:
a +0 spear; a gnoll corpse
There are monsters nearby!
Unknown command.
There are monsters nearby!
You barely miss the gnoll. You grab the gnoll. Your squeeze misses the gnoll.
You constrict the gnoll, but do no damage.
The gnoll hits you but does no damage. The gnoll closely misses you.
You hit the gnoll. You squeeze the gnoll.
The gnoll is moderately wounded.
You constrict the gnoll. The gnoll closely misses you.
The gnoll barely misses you.
There are monsters nearby!
Unknown command.
There are monsters nearby!
You hit the gnoll. You tentacle-slap the gnoll.
You kill the gnoll!
The gnoll closely misses you. The gnoll hits you with a +0 halberd!
Ouch! That really hurt!
* * * LOW HITPOINT WARNING * * *
You see here a +0 spear.
A gnoll is nearby!
Unknown command.
You are too injured to fight recklessly!
A gnoll is nearby!
Unknown command.
A gnoll is nearby!
You are too injured to fight recklessly!
Unknown command.
You are too injured to fight recklessly!
A gnoll is nearby!
Unknown command.
It was a potion of resistance.
You feel protected. The gnoll misses you. The gnoll hits you with a +0 halberd!
You die...

....##.####
....##....#
....#####.#
....#####.########
..>...............
....######.#######
.. ....# #†.#
###..# ....# ##.#
####...... ....#
#.###.hg..<...
#####
#....))###..##
#...#### #..##
##.# #$. ####


You could see a gnoll.

Vanquished Creatures
  2 gnolls (D:2)
  2 dart slugs (D:1)
  A bat (D:1)
  3 endoplasms (D:1)
  A giant cockroach (D:1)
  2 goblins (D:1)
  3 hobgoblins (D:1)
  7 ball pythons
  A kobold (D:1)
  6 rats (D:1)
28 creatures vanquished.

Notes
Turn   | Place    | Note
-------+----------+-------------------------------------------
     0 | D:1      | Aj7335 the Octopode Shapeshifter began the quest for the
                  | Orb.
     0 | D:1      | Reached XP level 1. HP: 13/13 MP: 1/1
    53 | D:1      | Reached XP level 2. HP: 18/18 MP: 2/2
   296 | D:1      | Reached skill level 1 in Stealth
   330 | D:1      | Reached XP level 3. HP: 23/23 MP: 3/3
   583 | D:2      | Mangled by a gnoll

Illustrated notes

Levels and vault maps discovered:
D:1:      onia_arrival_handbag, layout_rooms, dreamdust_mushroom_princess,
          minmay_misc_feat_tiny
D:2:      layout_rooms

Skill      XL: |  1  2  3 |
---------------+----------+-----
Stealth        | 1 2 |  2.2
Fighting       | |  1.0
Dodging        | |  2.0
Unarmed Combat | |  3.5
Shapeshifting  | |  3.5

Action                     || total
---------------------------++-------
  Melee: Unarmed           ||    35
         Constrict         ||    12
         Punch             ||     4
         Tentacles         ||     8
         Dagger            ||     7
    Use: Potion            ||     1
   Stab: Sleeping          ||     9
 Armour: Skin              ||     4
  Dodge: Dodged            ||    21
         Form:             ||     1
         Beast             ||     1

Table legend: (Time is in decaauts)
 A = Elapsed time spent in this place.
 B = Non-inter-level travel time spent in this place.
 C = Inter-level travel time spent in this place.
 D = Time resting spent in this place.
 E = Time spent auto-exploring this place.
 F = Levels seen in this place.
 G = Mean time per level.
                   A        B        C        D        E       F      G
               +--------+--------+--------+--------+--------+-----+--------+
         Total |    579 |    526 |     53 |      0 |    354 |   2 |  289.5 |
       Dungeon |    579 |    526 |     53 |      0 |    354 |   2 |  289.5 |
               +--------+--------+--------+--------+--------+-----+--------+

Top non-repeatable levels by time:
     D:1: 520 daAuts
     D:2: 58 daAuts
